 Dungeon Crawl Stone Soup version 0.30.0 (webtiles) character file.

Game seed: 17363071834743916678

4820 Rrauwl the Basher (level 10, -5/70 HPs)
             Began as a Minotaur Gladiator on May 6, 2023.
             Was a Follower of Hepliaklqana.
             Slain by a wyvern (6 damage)
             ... on level 8 of the Dungeon.
             The game lasted 00:22:25 (6955 turns).

Rrauwl the Basher (Minotaur Gladiator)              Turns: 6955, Time: 00:22:26

Health: -5/70      AC:  6    Str: 23    XL:     10   Next: 24%
Magic:  9/9        EV: 11    Int:  5    God:    Hepliaklqana [*.....]
Gold:   300        SH: 16    Dex: 12    Spells: 9/9 levels left

rFire   . . .        b - +3 morningstar
rCold   . . .        n - +0 tower shield
rNeg    . . .        C - +0 steam dragon scales
rPois   .            c - +0 hat
rElec   .            (no cloak)
rCorr   .            (no gloves)
SInv    .            (no boots)
Will    +....        (no amulet)
Stlth   +            r - ring of willpower
HPRegen 0.31/turn    (no ring)
MPRegen 0.11/turn

%: no passive effects
@: mighty, weakened
A: reduced essence, horns 2, retaliatory headbutt
a: Renounce Religion, Recall Ancestor, Ancestor Identity


You were on level 8 of the Dungeon.
You worshipped Hepliaklqana.
Hepliaklqana was aware of your devotion.
You visited 2 branches of the dungeon, and saw 9 of its levels.

You collected 395 gold pieces.
You spent 95 gold pieces at shops.

Inventory:

Hand Weapons
 a - a +2 whip of electrocution
 b - a +3 morningstar (weapon)
Missiles
 d - 3 throwing nets
 e - a javelin
 i - 6 boomerangs (quivered)
 j - 33 poisoned darts
 B - a curare-tipped dart
Armour
 c - a +0 hat (worn)
 n - a +0 tower shield (worn)
 C - +0 steam dragon scales (worn)
Jewellery
 r - a ring of willpower (left hand)
Wands
 u - a wand of mindburst (22)
Scrolls
 k - a scroll of butterflies
 l - a scroll of enchant weapon
 o - a scroll of enchant armour
 p - 3 scrolls of fog
 q - a scroll of teleportation
 s - 2 scrolls of identify
 y - a scroll of poison {unknown}
Potions
 f - a potion of mutation
 g - 2 potions of brilliance
 h - a potion of cancellation
 m - a potion of attraction
 t - 2 potions of flight
 z - 2 potions of lignification


   Skills:
 - Level 4.0 Fighting
 + Level 11.3 Maces & Flails
 - Level 4.0 Throwing
 - Level 8.0 Armour
 - Level 4.0 Dodging
 + Level 10.5 Shields


You had 9 spell levels left.
You didn't know any spells.
Your spell library contained the following spells:

 Spells                   Type           Power      Damage    Failure   Level
 Ensorcelled Hibernation  Hex/Ice        0%         N/A       96%         2
 Lesser Beckoning         Tloc           0%         N/A       96%         2
 Gell's Gravitas          Tloc           0%         N/A       99%         3
 Spider Form              Tmut/Pois      0%         N/A       99%         3
 Teleport Other           Tloc           0%         N/A       99%         3
 Anguish                  Hex/Necr       0%         N/A       100%        4


Dungeon Overview and Level Annotations

Branches:
Dungeon (8/15)             Temple (1/1) D:4
   Lair: D:8-11

Altars:
Ashenzari
Cheibriados
Dithmenos
Fedhas
Gozag
Hepliaklqana
Kikubaaqudgha
Makhleb
Nemelex Xobeh
Okawaru
Qazlal
Ru
Sif Muna
Trog
Uskayaw
Vehumet
Wu Jian
Xom
Yredelemnul
Zin
The Shining One

Shops:
D:1 [   D:2 *   D:3 ?


Innate Abilities, Weirdness & Mutations

Your life essence is reduced to manifest your ancestor. (-10% HP)
You have a pair of horns on your head.
You reflexively headbutt those who attack you in melee.


Message History

The gnoll bouda gazes fiercely through you!
You feel as though you will be weak longer.
Unknown command.
Unknown command.
Okay, then.
You feel very mighty all of a sudden. Something hits you but does no damage.
The gnoll closely misses you.
You closely miss the gnoll bouda.
The cyclops shouts!
Something hits you!
* * * LOW HITPOINT WARNING * * *
The gnoll hits you with a +0 flail.
* * * LOW HITPOINT WARNING * * *
The gnoll bouda hits you but does no damage.
The gnoll hits you but does no damage.
Unknown command.
Found an orc corpse.
You feel less invigorated.
You feel less confused. You block something's attack.
The wyvern closely misses you. You furiously retaliate!
You headbutt the wyvern! You closely miss something.
Your headbutt misses something. Something hits you but does no damage.
The wyvern barely misses you. You block the wyvern's attack.
You closely miss something. You headbutt something.
Something barely misses you. You block the gnoll bouda's attack.
The gnoll hits you with a +0 flail.
* * * LOW HITPOINT WARNING * * *
You block the wyvern's attack. The gnoll bouda misses you.
You furiously retaliate!
You headbutt the gnoll bouda! The gnoll hits you with a +0 flail.
* * * LOW HITPOINT WARNING * * *
Unknown command.
The gnoll attacks as you move away! The gnoll closely misses you.
The wyvern attacks as you move away!
The wyvern bites you but does no damage.
Found two orc corpses.
You block something's attack. Something hits you.
* * * LOW HITPOINT WARNING * * *
You block the wyvern's attack. The wyvern attacks as you move away!
The wyvern bites you.
You die...

#.. #.#..#
#.......#..####....##
#.......#.....###....
###..†....#.#....##.).♣
..†.._..... #..#CR{)~
#...†...# ####......~
#.....?†# #.....P~.~≈
#.†.....# #...l.P~~~~
##@# ####.##...P~~~
###gl#....C. ###..~~.
#..gg..##. #...P.
......#.####. #.#...
.....##.# #. #.#...
..... #)# # #..... ....
..# #...< ... ..##
##... ... ..# #...


You could see a wyvern, a gnoll bouda and 2 gnolls.

Vanquished Creatures
  Pikel (D:5)
  A hornet (D:7)
  Eustachio (D:5)
  5 yaks
  Edmund (D:6)
  A water moccasin (D:6)
  An ice beast (D:6)
  4 black bears
  3 centaurs
  A phantom (D:3)
  3 kobold brigands (D:7)
  4 scorpions
  12 wights
  A jelly (D:6)
  A gnoll bouda (D:5)
  7 hounds
  2 orc priests
  Terence (D:2)
  3 iguanas
  2 orc wizards
  Natasha (twice) (D:3)
  17 gnolls
  5 adders
  2 white imps
  3 dart slugs
  21 orcs
  7 endoplasms
  3 giant cockroaches
  12 goblins
  8 hobgoblins
  2 jackals (D:5)
  3 quokkas
  6 ball pythons
  8 bats
  A frilled lizard (D:2)
  12 kobolds
  7 rats
174 creatures vanquished.

Vanquished Creatures (collateral kills)
  Maggie (D:7)
  A steam dragon (D:8)
  An orc wizard (D:7)
  An orc (D:8)
  4 kobolds (D:7)
8 creatures vanquished.

Vanquished Creatures (others)
  2 ancestors (D:8)
  8 plants (D:8)
10 creatures vanquished.

Grand Total: 192 creatures vanquished

Notes
Turn   | Place    | Note
-------+----------+-------------------------------------------
     0 | D:1      | Rrauwl the Minotaur Gladiator began the quest for the Orb.
     0 | D:1      | Reached XP level 1. HP: 18/18 MP: 0/0
    92 | D:1      | Found a faded altar of an unknown god.
   150 | D:1      | Reached skill level 1 in Armour
   150 | D:1      | Reached XP level 2. HP: 18/25 MP: 1/1
   327 | D:1      | Found Vawni's Antique Armour Shoppe.
   339 | D:1      | Reached skill level 4 in Maces & Flails
   674 | D:2      | Reached XP level 3. HP: 30/31 MP: 2/2
   701 | D:2      | Found Quropny's General Store.
   724 | D:2      | Bought a scroll of teleportation for 39 gold pieces
   736 | D:2      | Noticed Terence
   753 | D:2      | Killed Terence
   754 | D:2      | Reached skill level 1 in Shields
   757 | D:2      | Reached XP level 4. HP: 29/38 MP: 3/3
  1058 | D:2      | Found a snail-covered altar of Cheibriados.
  1472 | D:3      | Found Jaxunufa's Magic Scroll Shop.
  1478 | D:3      | Bought a scroll of identify for 28 gold pieces
  1478 | D:3      | Bought a scroll of identify for 28 gold pieces
  1486 | D:3      | Reached XP level 5. HP: 45/45 MP: 4/4
  1576 | D:3      | Noticed Natasha
  1579 | D:3      | Killed Natasha
  1621 | D:3      | Noticed a phantom
  1637 | D:3      | Killed a phantom
  1638 | D:3      | Reached skill level 5 in Maces & Flails
  1789 | D:3      | Reached XP level 6. HP: 42/52 MP: 5/5
  1903 | D:3      | Noticed Natasha
  1908 | D:3      | Killed Natasha
  2550 | D:4      | Reached skill level 6 in Maces & Flails
  2550 | D:4      | Reached XP level 7. HP: 45/59 MP: 6/6
  2633 | D:4      | Found a staircase to the Ecumenical Temple.
  2641 | Temple   | Entered the Ecumenical Temple
  2827 | Temple   | Became a worshipper of Hepliaklqana the Forgotten
  3116 | D:4      | Reached skill level 5 in Shields
  3328 | D:4      | Reached skill level 7 in Maces & Flails
  3613 | D:5      | Entered Level 5 of the Dungeon
  3653 | D:5      | Noticed Eustachio
  3673 | D:5      | Killed Eustachio
  3674 | D:5      | Reached XP level 8. HP: 64/66 MP: 7/7
  3838 | D:5      | Reached skill level 5 in Armour
  3947 | D:5      | Noticed Pikel
  3965 | D:5      | HP: 2/66 [Pikel/+2 whip of electrocution (13)]
  3969 | D:5      | Killed Pikel
  3970 | D:5      | Reached skill level 8 in Maces & Flails
  4237 | D:5      | Found an ornate altar of the Wu Jian Council.
  4775 | D:6      | Noticed Edmund
  4874 | D:6      | Reached XP level 9. HP: 66/71 MP: 8/8
  4977 | D:6      | Reached skill level 9 in Maces & Flails
  5467 | D:6      | Killed Edmund
  5552 | D:6      | Reached skill level 10 in Maces & Flails
  5855 | D:7      | Found a sacrificial altar of Ru.
  5911 | D:7      | Found a broken altar of Ashenzari.
  5944 | D:7      | Reached * piety under Hepliaklqana
  6153 | D:7      | Reached XP level 10. HP: 70/70 MP: 9/9
  6171 | D:7      | Identified the +6 trident of Qudez {venom, rF+ rC+ rN+}
  6424 | D:7      | Found a stormy altar of Qazlal.
  6550 | D:8      | Noticed a cyclops
  6583 | D:8      | Noticed Maggie
  6646 | D:7      | Reached skill level 10 in Shields
  6819 | D:7      | Killed Maggie
  6820 | D:7      | Reached skill level 11 in Maces & Flails
  6932 | D:8      | Found a hide-covered altar of Uskayaw.
  6954 | D:8      | HP: 1/70 [something (4)]
  6955 | D:8      | Slain by a wyvern

Illustrated notes

Levels and vault maps discovered:
D:1:      kennysheep_arrival_seaside, layout_rooms, serial_shops, shop,
          shapermc_ecumenical_altar_petra, minmay_pentomino_v2
D:2:      layout_loops_ring, serial_shops, nicolae_shop_waterfront, basic_altar,
          minmay_misc_feat_chi, uniq_terence
D:3:      minmay_chambers_of_twos, layout_loops_cross, serial_shops,
          shop_scrolls, minivault_19, uniq_natasha
D:4:      layout_loops_ring, minmay_temple_entry_mini_moons, serial_rivers,
          chequers_serial_rivers_room_b, chequers_serial_rivers_micro_d,
          chequers_serial_rivers_small_3, chequers_serial_rivers_large_a
D:5:      layout_loops_ring, nzn_wu_jian_contemplation, uniq_pikel,
          uniq_eustachio
D:6:      layout_basic, uniq_edmund
D:7:      layout_rooms, nicolae_qazlal_general_emergency,
          nicolae_overflow_crystal_walls, mainiacjoe_overflow_catwalk
D:8:      layout_rooms, nicolae_uskayaw_murder_on_the_dancefloor, serial_bayou,
          serial_bayou_lagoon_a, serial_bayou_pond_b, serial_bayou_pond_b,
          serial_bayou_shore_b, grunt_decor_mini_mirrors, uniq_maggie
Temple:   regret_index_temple_sphere_string

Skill      XL: |  1  2  3  4  5  6  7  8  9 10 |
---------------+-------------------------------+-----
Armour         | 1 2 3 4 6 8 |  8.0
Maces & Flails | 4 5 6 7 8 10 11 | 11.3
Fighting       | 3 4 |  4.0
Shields        | 1 2 4 5 7 9 10 | 10.5
Dodging        | 4 |  4.0
Throwing       | 4 |  4.0

Action                     |  1- 3 |  4- 6 |  7- 9 | 10-12 || total
---------------------------+-------+-------+-------+-------++-------
  Melee: Flail             |    62 |   123 |   110 |       ||   295
         Headbutt          |     9 |    19 |    56 |     9 ||    93
         Whip              |       |       |   186 |    33 ||   219
         Morningstar       |       |       |       |    26 ||    26
  Throw: Boomerang         |     4 |     3 |     4 |       ||    11
         Throwing net      |       |       |     1 |       ||     1
 Invoke: Ancestor Identity |       |       |     1 |     1 ||     2
  Evoke: Wand              |       |       |     2 |       ||     2
    Use: Scroll            |     2 |     8 |     8 |     1 ||    19
         Potion            |     2 |     1 |     4 |     3 ||    10
 Armour: Leather armour    |     4 |       |    21 |     4 ||    29
         Ring mail         |    20 |       |       |       ||    20
         Scale mail        |       |    48 |    25 |       ||    73
         Chain mail        |       |       |    17 |       ||    17
         Steam dragon scal |       |       |       |    16 ||    16
  Dodge: Dodged            |    24 |    43 |    76 |    33 ||   176
  Block: Tower shield      |    14 |    78 |   209 |    64 ||   365
